 Dungeon Crawl Stone Soup version 0.27.1-34-g3ba077fa99 (webtiles) character file.

Game seed: 1371105270464098955

448 alasdair19 the Covered (level 6, -9/53 HPs)
             Began as a Minotaur Fighter on Jan 15, 2022.
             Killed by nerve-wracking pain
             ... invoked by an orc priest
              (13 damage)
             ... on level 4 of the Dungeon.
             The game lasted 00:04:32 (3058 turns).

alasdair19 the Covered (Minotaur Fighter)           Turns: 3058, Time: 00:04:33

Health: -9/53      AC:  7    Str: 21    XL:     6   Next: 73%
Magic:  5/5        EV:  8    Int:  6    God:
Gold:   149        SH:  9    Dex: 10    Spells: 5/5 levels left

rFire    . . .     SeeInvis .   e - +0 long sword
rCold    . . .     Faith    .   c - +0 kite shield
rNeg     . . .     Spirit   .   b - +0 scale mail
rPois    .         Reflect  .   (helmet restricted)
rElec    .         Harm     .   (no cloak)
rCorr    .         Rampage  .   (no gloves)
Will     .....                  (no boots)
Stlth    ..........             (no amulet)
HPRegen  0.17/turn              (no ring)
MPRegen  0.09/turn              (no ring)

@: no status effects
A: horns 2, retaliatory headbutt
a: no special abilities


You were on level 4 of the Dungeon.
You visited 1 branch of the dungeon, and saw 4 of its levels.

You collected 149 gold pieces.

Inventory:

Hand Weapons
 e - a +0 long sword (weapon)
 q - a +0 hunting sling
Missiles
 a - 6 boomerangs (quivered)
 k - 9 sling bullets
Armour
 b - a +0 scale mail (worn)
 c - a +0 kite shield (worn)
Scrolls
 d - a scroll of teleportation {unknown}
 h - a scroll of fog {unknown}
 i - a scroll of magic mapping {unknown}
Potions
 f - 2 potions of curing
 g - 2 potions of flight {unknown}


   Skills:
 + Level 4.7 Fighting
 + Level 5.5 Long Blades
 * Level 0.6 Slings
 + Level 5.8 Armour
 - Level 1.1 Dodging
 - Level 0.5 Stealth
 + Level 4.8 Shields


You had 5 spell levels left.
You didn't know any spells.
Your spell library contained the following spells:

 Spells                   Type           Power      Damage    Failure   Level
 Shock                    Conj/Air       0%         1d3       99%         1
 Swiftness                Air            0%         N/A       100%        3
 Airstrike                Air            0%         N/A       100%        4


Dungeon Overview and Level Annotations

Branches:
Dungeon (4/15)
 Temple: D:4-7

Altars:


Innate Abilities, Weirdness & Mutations

You have a pair of horns on your head.
You reflexively headbutt those who attack you in melee.


Message History

You closely miss something. You headbutt something.
You block something's attack.
You closely miss something. Something hits you but does no damage.
You miss something. Your headbutt misses something.
Something completely misses you. Something hits you.
The orc priest looks satisfied for a moment.
You closely miss something. You block something's attack.
You miss something. Something hits you but does no damage.
You hit something. Your headbutt misses something.
You hear some strange, mumbled words.
You are confused.
The orc priest begins to cast a cantrip, but forgets the words!
Something hits you.
You slash something!
Reactivating autopickup.
You feel a bit more experienced.
The orc priest grunts loudly, in orcish tradition.
The orc priest begins to cast a cantrip, but forgets the words!
You bump into the rock wall.
The orc priest hits you but does no damage.
Items here: )) [[ †.
The orc priest mumbles some strange prayers to Beogh against you.
Pain shoots through your body!
You bump into the rock wall.
The orc priest invokes the aid of Beogh against you.
Pain shoots through your body!
You closely miss the orc priest. Your headbutt misses the orc priest.
You feel less confused. You block the orc priest's attack.
You hit the orc priest.
You headbutt the orc priest, but do no damage.
The orc priest is moderately wounded.
The orc priest mumbles some strange prayers to Beogh against you.
Beogh smites you!
* * * LOW HITPOINT WARNING * * *
You slash the orc priest!
The orc priest is almost dead.
The orc priest invokes the aid of Beogh against you.
Pain shoots through your body!
You die...

#..........#........##..#
#..........#........###.#
#..........#........# #..
#..........'........# ##.
#.........##...#+#######.
+.........##.............
#.........##.....########
##+#######.....# #
#@).......# #
##o#####...########
##..#####...........
#.......#..#########
#.....#..#.#..#........
#.....#..#(...#........
.....#..#[.#.............
..((.#..####.#........###
((#. #..# #.########.# #


You could see an orc priest.

Vanquished Creatures
  Grinder (D:3)
  A phantom (D:4)
  An orc priest (D:4)
  Terence (D:3)
  An orc wizard (D:4)
  3 adders (D:2)
  3 dart slugs
  5 orcs
  5 ball pythons
  3 bats
  3 endoplasms
  A giant cockroach (D:2)
  13 goblins
  5 hobgoblins
  2 quokkas
  2 frilled lizards
  8 kobolds
  3 rats (D:1)
61 creatures vanquished.

Notes
Turn   | Place    | Note
-------+----------+-------------------------------------------
     0 | D:1      | alasdair19 the Minotaur Fighter began the quest for the
                  | Orb.
     0 | D:1      | Reached XP level 1. HP: 19/19 MP: 0/0
   152 | D:1      | Reached XP level 2. HP: 27/27 MP: 1/1
   762 | D:2      | Reached XP level 3. HP: 33/33 MP: 2/2
   836 | D:2      | Found a faded altar of an unknown god.
  1628 | D:3      | Reached XP level 4. HP: 35/40 MP: 3/3
  1837 | D:3      | Noticed Terence
  1842 | D:3      | Killed Terence
  2220 | D:3      | Noticed Grinder
  2240 | D:3      | Killed Grinder
  2241 | D:3      | Reached skill level 5 in Long Blades
  2241 | D:3      | Reached skill level 5 in Armour
  2241 | D:3      | Reached skill level 1 in Dodging
  2241 | D:3      | Reached XP level 5. HP: 10/47 MP: 4/4
  2241 | D:3      | Reached XP level 6. HP: 11/53 MP: 5/5
  3058 | D:4      | Killed from afar by an orc priest

Illustrated notes

Levels and vault maps discovered:
D:1:      eino_arrival_cavern_b, layout_basic, minmay_misc_feat_square
D:2:      layout_loops_corners, hellmonk_ecumenical_altar_slurped_away,
          kennysheep_pointless_box
D:3:      layout_basic, minmay_crystal_water, uniq_grinder, uniq_terence
D:4:      layout_basic, hangedman_abyss_or_decor_stagger

Skill      XL: |  1  2  3  4 |
---------------+-------------+-----
Fighting       | 4 |  4.7
Shields        | 4 |  4.8
Armour         | 4 5 |  5.8
Long Blades    | 3 5 |  5.5
Dodging        | 1 |  1.1
Slings         | |  0.6
Stealth        | |  0.5

Action                   |  1- 3 |  4- 6 || total
-------------------------+-------+-------++-------
Melee: Long sword        |    68 |    66 ||   134
       Headbutt          |    12 |    15 ||    27
 Fire: Hunting sling     |       |     4 ||     4
  Use: Scroll            |     1 |     2 ||     3
       Potion            |       |     2 ||     2
Armor: Scale mail        |    30 |    27 ||    57
Dodge: Dodged            |    18 |    13 ||    31
Block: Kite shield       |    29 |    33 ||    62
       Rpst.: Long sword |     7 |     2 ||     9
